 Dungeon Crawl Stone Soup version 0.19.5 (webtiles) character file.

46240 Keye the Cleaver (level 14, -13/132 HPs)
             Began as a Minotaur Fighter on May 7, 2017.
             Was a Believer of Makhleb.
             Splashed by an acid blob's acid (15 damage)
             ... on level 5 of the Lair of Beasts.
             The game lasted 00:43:24 (20894 turns).

Keye the Cleaver (Minotaur Fighter)                Turns: 20894, Time: 00:43:25

Health: -13/132    AC: -11   Str: 26    XL:     14   Next: 4%
Magic:  13/13      EV: 22    Int:  7    God:    Makhleb [**....]
Gold:   1142       SH:  0    Dex: 13    Spells: 0 memorised, 13 levels left

rFire  + . .     SeeInvis .     P - +7 whip "Grim Tooth" {speed, +Inv rC+ Str+3 Stlth-}
rCold  + . .     Gourm    +     e - +3 ring mail of the Elven Halls {rF+}
rNeg   . . .     Faith    .     (no shield)
rPois  .         Spirit   .     (helmet restricted)
rElec  .         Reflect  .     (no cloak)
rCorr  .         Harm     .     y - +0 pair of gloves
MR     ++...                    (no boots)
Stlth  ..........               J - amulet of the gourmand
                                L - +3 ring of evasion
                                T - ring of protection from magic

@: corroded
A: retaliatory headbutt, horns 2, clever 1
a: Minor Destruction, Renounce Religion, Evoke Invisibility


You were on level 5 of the Lair of Beasts.
You worshipped Makhleb.
Makhleb was pleased with you.
You were completely stuffed.

You visited 3 branches of the dungeon, and saw 18 of its levels.
You also visited: Labyrinth, Ossuary and Bailey.

You collected 1142 gold pieces.

Inventory:

Hand Weapons
 a - a +0 broad axe
 I - the +1 mace of a sewer {freeze, rElec rPois MR+}
   (You found it on level 4 of the Lair of Beasts)

   It has been specially enchanted to freeze those struck by it, causing extra
   injury to most foes and up to half again as much damage against particularly
   susceptible opponents.
   It can also slow down cold-blooded creatures.
   It insulates you from electricity.
   It protects you from poison.
   It affects your resistance to hostile enchantments.
 P - the +7 whip "Grim Tooth" (weapon) {speed, +Inv rC+ Str+3 Stlth-}
   (You found it on level 7 of the Dungeon)

   Attacks with this weapon are significantly faster.
   It affects your strength (+3).
   It protects you from cold.
   It lets you turn invisible.
   It makes you less stealthy.
Armour
 e - the +3 ring mail of the Elven Halls (worn) {rF+}
   (You took it off a minotaur in a labyrinth)

   It protects you from fire.
 y - a +0 pair of gloves (worn)
Rods
 O - a +7 rod of inaccuracy (9/9)
   (You took it off a minotaur in a labyrinth)
 Q - a +0 rod of inaccuracy (10/10)
   (You found it on level 4 of the Lair of Beasts)
 Z - a +2 lightning rod (10/10)
   (You found it in a labyrinth)
Jewellery
 u - the amulet of the Philosopher {RegenMP *Slow rPois Str+6}
   (You found it on level 4 of the Lair of Beasts)

   [amulet of magic regeneration]

   It increases your magic regeneration.
   It affects your strength (+6).
   It protects you from poison.
   It may slow you when you take damage.
 w - an uncursed ring of resist corrosion
 H - an uncursed ring of protection from fire
 J - an amulet of the gourmand (around neck)
 L - a +3 ring of evasion (right hand)
 T - a ring of protection from magic (left hand)
Wands
 b - a wand of disintegration (12/24)
 p - a wand of digging (13/24)
 x - a wand of iceblast (11/15)
 S - a wand of heal wounds (2/9)
 W - a wand of iceblast (14/15)
Scrolls
 c - 6 scrolls of amnesia
 i - 7 scrolls of remove curse
 j - 8 scrolls of teleportation
 k - 5 scrolls of fear
 m - 4 scrolls of enchant armour
 r - 6 scrolls of enchant weapon
 v - 6 scrolls of recharging
 D - 3 scrolls of immolation
 E - 2 scrolls of blinking
 G - a scroll of identify
 K - 3 scrolls of magic mapping
 M - a scroll of holy word
 R - a scroll of summoning
 X - 2 scrolls of fog
Potions
 d - 2 potions of might
 g - 4 potions of ambrosia
 h - 5 potions of brilliance
 l - 5 potions of curing
 n - 6 potions of mutation
 s - 3 potions of haste
 A - 3 potions of flight
 B - 5 potions of berserk rage
 F - 5 potions of heal wounds
 N - 2 potions of cure mutation
 V - 2 potions of magic
Comestibles
 f - 10 bread rations
 o - 8 meat rations
 q - 4 beef jerkies
 t - 44 fruits
 z - 10 slices of pizza
 C - 7 chunks of flesh
 U - a royal jelly


   Skills:
 + Level 14.1 Fighting
 - Level 14.1(14.9) Axes
 - Level 8.4(12.3) Maces & Flails
 + Level 14.0 Armour
 + Level 12.6 Dodging
   Level 3.6 Shields


You had 13 spell levels left.
You didn't know any spells.

Dungeon Overview and Level Annotations

Branches:
Dungeon (12/15)            Temple (1/1) D:5            Lair (5/6) D:10
 Shoals (0/4) Lair:3       Spider (0/4) Lair:4        Slime (0/5) Lair:5
    Orc (0/2) D:9

Altars:
Ashenzari
Cheibriados
Dithmenos
Elyvilon
Fedhas
Gozag
Hepliaklqana
Kikubaaqudgha
Makhleb
Nemelex Xobeh
Qazlal
Ru
Sif Muna
Trog
Uskayaw
Vehumet
Xom
Yredelemnul
Zin
The Shining One
Beogh

Shops:
D:4 *   D:7 }

Annotations:
D:9 Blork the orc, Grum


Innate Abilities, Weirdness & Mutations

You reflexively headbutt those who attack you in melee.
You have a pair of horns on your head.
Your mind is acute. (Int +2)


Message History

You headbutt the acid blob.
The acid blob is moderately wounded.
You hit the acid blob but do no damage.
Your hands burn!
* * * LOW HITPOINT WARNING * * *
The acid blob is moderately wounded.
The acid blob spits acid at you. The splash of acid hits you!
* * * LOW HITPOINT WARNING * * *
You are splashed with acid!
The acid burns!
* * * LOW HITPOINT WARNING * * *
The acid blob spits acid at you. The splash of acid hits you!
* * * LOW HITPOINT WARNING * * *
The acid corrodes you!
You are splashed with acid!
The acid burns!
* * * LOW HITPOINT WARNING * * *
The acid blob spits acid at you. The splash of acid hits you!
* * * LOW HITPOINT WARNING * * *
The acid corrodes you!
You are splashed with acid!
The acid burns!
You die...

.≈≈≈≈≈≈≈..............≈≈#.≈♣♣♣
.≈≈≈≈≈≈≈.............≈≈P≈P≈≈P♣♣♣
..................#...≈P≈P≈≈≈≈P♣♣
........P.........P...≈≈≈≈PP≈≈≈≈≈
##.#..............<...≈≈≈≈≈≈≈≈≈≈P
#.#...................P≈≈≈≈≈≈≈≈≈
##..#.................≈≈≈≈≈≈≈≈≈≈≈
#....................P≈≈P≈≈≈≈≈≈≈P
P......P...#.###@.....≈≈≈≈≈≈≈≈≈≈P
##........P### ##....P≈≈≈≈P≈≈≈≈≈♣
#..#.P.....#####.J...≈P≈PPP≈≈≈≈≈♣
#####.....#.##.#.....≈P≈≈≈≈≈PP♣♣*
#.#....................≈♣♣♣*
#####.....................##
#..........................#
...........................#
....P.....................##


You could see an acid blob.

Vanquished Creatures
  Snorg (Lair:5)
  A minotaur (Lab)
  Josephine (D:10)
  Erolcha (D:11)
  Fannar (D:11)
  3 hydras
  Erica (D:10)
  4 death yaks (Lair:5)
  An unseen horror (D:11)
  3 hill giants (D:11)
  A deep elf mage (D:12)
  2 oklob plants (D:11)
  6 ugly things
  A cyclops (D:11)
  Joseph (D:7)
  A black mamba (Lair:2)
  7 spiny frogs
  2 centaur skeletons
  A freezing wraith (D:11)
  2 rime drakes
  4 komodo dragons
  3 trolls
  A polar bear (Lair:3)
  14 blink frogs
  A hornet (D:11)
  A two-headed ogre (D:11)
  7 hippogriffs
  4 shadows
  8 spriggans (Lair:2)
  42 yaks
  A vampire (D:11)
  A redback (Lair:4)
  5 wraiths (D:10)
  A basilisk (Lair:1)
  A hill giant zombie (D:9)
  3 wyverns
  A human (D:10)
  A hungry ghost (D:9)
  3 hogs (D:10)
  4 vampire mosquitoes (D:12)
  Menkaure (D:7)
  A soldier ant (D:12)
  6 water moccasins
  7 porcupines
  5 orc warriors
  3 ice beasts
  2 sky beasts
  5 black bears
  8 ogres
  2 phantoms
  2 eyes of draining
  A necrophage (D:9)
  7 wolves
  15 centaurs
  6 crocodiles
  The ghost of DasRunzen the Chopper, an amateur TeBe of Trog (D:3)
  18 bullfrogs
  3 big kobolds
  A gnoll sergeant (D:9)
  2 scorpions (D:11)
  4 killer bees (D:7)
  4 wights (D:7)
  6 howler monkeys
  6 crimson imps
  2 vampire bats (D:7)
  A bullfrog zombie (D:9)
  A quasit (D:11)
  2 centaur zombies
  8 hounds
  2 jellies (D:11)
  6 orc priests
  2 human zombies (Ossuary)
  12 orc wizards
  2 bullfrog skeletons
  6 hell rats (Lair:4)
  7 worker ants
  An iguana (D:10)
  A big kobold zombie (Ossuary)
  7 ogre zombies (D:9)
  A hound zombie (D:8)
  2 hound skeletons (D:10)
  2 mummies (Ossuary)
  21 gnolls
  A howler monkey skeleton (D:6)
  8 adders
  5 shadow imps
  2 oozes
  3 adder skeletons
  8 adder zombies
  4 worms
  A dart slug (D:1)
  5 leopard geckos
  55 orcs
  3 bat skeletons (D:7)
  4 bat zombies (D:7)
  9 giant cockroaches
  10 goblins
  5 hobgoblins
  4 jackals (D:1)
  14 kobolds
  5 quokkas
  A ball python (D:3)
  10 bats
  7 frilled lizards
  2 goblin skeletons (D:9)
  3 goblin zombies
  A hobgoblin skeleton (D:9)
  14 hobgoblin zombies
  2 jackal zombies (Ossuary)
  11 kobold zombies (Ossuary)
  2 leopard gecko zombies
  8 orc skeletons (D:9)
  12 orc zombies
  A quokka skeleton (D:4)
  3 rats
  2 rat zombies (Ossuary)
  3 plants (D:11)
577 creatures vanquished.

Vanquished Creatures (others)
  12 fungi
  25 plants
37 creatures vanquished.

Grand Total: 614 creatures vanquished

Notes
Turn   | Place    | Note
-------+----------+-------------------------------------------
     0 | D:1      | Keye the Minotaur Fighter began the quest for the Orb.
     0 | D:1      | Reached XP level 1. HP: 19/19 MP: 0/0
   209 | D:1      | Reached XP level 2. HP: 26/26 MP: 1/1
   442 | D:1      | Found a blossoming altar of Fedhas.
   622 | D:1      | Reached XP level 3. HP: 31/31 MP: 2/2
   796 | D:2      | Reached skill level 5 in Axes
   801 | D:2      | Reached XP level 4. HP: 35/39 MP: 3/3
  1481 | D:2      | Found a sparkling altar of Nemelex Xobeh.
  1544 | D:3      | Noticed a bullfrog
  1547 | D:3      | Killed a bullfrog
  1547 | D:3      | Reached XP level 5. HP: 44/45 MP: 4/4
  1828 | D:3      | Reached XP level 6. HP: 51/51 MP: 5/5
  1893 | D:3      | Noticed DasRunzen's ghost (amateur TeBe)
  1902 | D:3      | Killed DasRunzen's ghost
  2009 | D:3      | Found a shadowy altar of Dithmenos.
  2413 | D:4      | Found a sand-covered staircase.
  2423 | Ossuary  | Entered an ossuary
  2557 | Ossuary  | Reached XP level 7. HP: 25/57 MP: 6/6
  2928 | D:4      | You fall through a shaft!
  2928 | D:5      | Entered Level 5 of the Dungeon
  3080 | D:4      | Found Zin's Purification Station.
  3085 | D:4      | Found a glowing silver altar of Zin.
  3600 | D:5      | Reached skill level 10 in Axes
  4066 | D:5      | Found a staircase to the Ecumenical Temple.
  4294 | D:5      | Reached XP level 8. HP: 26/64 MP: 7/7
  5718 | D:6      | Got a blackened dagger
  5719 | D:6      | Identified the +3 dagger of Painful Death {freeze, rElec Str+3} (You found it on level 6 of the Dungeon)
  5957 | D:7      | Found an opulent altar of Gozag.
  6447 | Temple   | Entered the Ecumenical Temple
  6847 | D:7      | Noticed Joseph
  6864 | D:7      | Killed Joseph
  6864 | D:7      | Reached XP level 9. HP: 11/70 MP: 8/8
  7248 | D:7      | Got a brightly glowing whip
  7249 | D:7      | Identified the +7 whip "Grim Tooth" {speed, +Inv rC+ Str+3 Stlth-} (You found it on level 7 of the Dungeon)
  7267 | D:7      | Reached skill level 1 in Maces & Flails
  7293 | D:7      | Noticed Menkaure
  7295 | D:7      | Killed Menkaure
  7304 | D:7      | Found an ancient bone altar of Kikubaaqudgha.
  7375 | D:7      | Found Veiqus's Gadget Shop.
  7459 | D:7      | Reached skill level 5 in Maces & Flails
  7701 | D:8      | Found a snail-covered altar of Cheibriados.
  8402 | D:9      | Reached skill level 1 in Dodging
  8402 | D:9      | Reached XP level 10. HP: 78/78 MP: 9/9
  8444 | D:9      | Reached skill level 5 in Fighting
  8444 | D:9      | Reached skill level 5 in Armour
  8703 | D:9      | Found a staircase to the Orcish Mines.
  9225 | D:9      | Noticed Grum
  9226 | D:9      | Noticed Blork the orc
  9297 | D:9      | Found a deep blue altar of Sif Muna.
  9376 | D:9      | Reached skill level 5 in Dodging
  9519 | D:9      | Gained mutation: Your mind is acute. (Int +2) [potion of beneficial mutation]
  9583 | D:9      | Found a snail-covered altar of Cheibriados.
  9606 | D:9      | Found an opulent altar of Gozag.
  9838 | D:9      | Found a shimmering altar of Xom.
 10106 | D:10     | Entered Level 10 of the Dungeon
 10151 | D:10     | Noticed Josephine
 10179 | D:10     | Killed Josephine
 10179 | D:10     | Reached XP level 11. HP: 51/94 MP: 10/10
 10586 | D:10     | Found a roughly hewn altar of Beogh.
 10961 | D:10     | Found a staircase to the Lair.
 10971 | D:10     | Noticed Erica
 10986 | D:10     | Killed Erica
 11418 | D:11     | Noticed a green ugly thing
 11435 | D:11     | Killed a green ugly thing
 11745 | D:11     | Killed an unseen horror
 11841 | D:11     | Noticed Erolcha
 11850 | D:11     | Killed Erolcha
 12001 | D:11     | Noticed a hill giant
 12008 | D:11     | Noticed a hill giant
 12009 | D:11     | Killed a hill giant
 12017 | D:11     | Killed a hill giant
 12017 | D:11     | Reached skill level 10 in Fighting
 12075 | D:11     | Noticed a brown ugly thing
 12094 | D:11     | Killed a brown ugly thing
 12094 | D:11     | Reached skill level 10 in Armour
 12287 | D:11     | Reached XP level 12. HP: 94/106 MP: 11/11
 13236 | D:11     | Noticed Fannar
 13350 | D:11     | Killed Fannar
 13396 | D:11     | Found a blossoming altar of Fedhas.
 13791 | Lair:1   | Entered Level 1 of the Lair of Beasts
 13898 | Lair:1   | Reached skill level 10 in Dodging
 14726 | D:12     | Found a flagged portal.
 14750 | Bailey   | Entered a bailey
 15454 | D:12     | Noticed a six-headed hydra
 15463 | D:12     | Killed a six-headed hydra
 15463 | D:12     | Reached XP level 13. HP: 70/118 MP: 12/12
 16556 | Temple   | Became a worshipper of Makhleb the Destroyer
 17689 | Lair:3   | Reached * piety under Makhleb
 17765 | Lair:3   | Found a labyrinth entrance.
 17781 | Lab      | Entered a labyrinth
 18012 | Lab      | Noticed a minotaur
 18033 | Lab      | Killed a minotaur
 18038 | Lab      | Got a polished ring mail
 18049 | Lab      | Identified the +3 ring mail of the Elven Halls {rF+} (You took it off a minotaur in a labyrinth)
 18258 | Lab      | Identified the Incunabulum of Malediction
 18283 | Lab      | Got a steaming plate armour
 18289 | Lab      | Identified the cursed +0 plate armour of Leimas {rF- MP+9 Dex+2} (You found it in a labyrinth)
 18568 | Lair:3   | Found a staircase to the Shoals.
 19002 | Lair:4   | Found a hole to the Spider Nest.
 19016 | Lair:4   | Got a bound ruby amulet
 19178 | Lair:4   | Reached ** piety under Makhleb
 19266 | Lair:4   | Got a transparent mace
 19267 | Lair:4   | Identified the +1 mace of a sewer {freeze, rElec rPois MR+} (You found it on level 4 of the Lair of Beasts)
 19701 | Lair:5   | Found a staircase to the Slime Pits.
 19702 | Lair:5   | Noticed Snorg
 19719 | Lair:5   | Killed Snorg
 20423 | Lair:5   | Identified the amulet of the Philosopher {RegenMP *Slow rPois Str+6} (You found it on level 4 of the Lair of Beasts)
 20590 | Lair:5   | Reached XP level 14. HP: 132/132 MP: 13/13
 20879 | Lair:5   | Noticed an acid blob
 20894 | Lair:5   | HP: 2/132 [acid blob/splash of acid (8)]
 20894 | Lair:5   | Splashed by an acid blob's acid

Skill      XL: |  1  2  3  4  5  6  7  8  9 10 11 12 13 14 |
---------------+-------------------------------------------+-----
Axes           | 3 4 5 7 9 11 13 14 | 14.1
Maces & Flails | 8 |  8.4
Fighting       | 4 7 10 12 14 | 14.1
Armour         | 4 7 10 12 13 14 | 14.0
Dodging        | 1 5 8 10 12 | 12.6
Shields        | |  3.6

Action                   |  1- 3 |  4- 6 |  7- 9 | 10-12 | 13-15 || total
-------------------------+-------+-------+-------+-------+-------++-------
Melee: War axe           |    58 |   178 |   265 |       |       ||   501
       Headbutt          |     7 |    32 |    71 |   286 |   193 ||   589
       Whip              |       |       |   124 |  1009 |   589 ||  1722
  Use: Scroll            |       |       |    12 |     5 |    17 ||    34
       Potion            |       |       |       |     2 |       ||     2
  Eat: Chunk             |       |     5 |    10 |    20 |    25 ||    60
       Bread ration      |       |       |     2 |     1 |     1 ||     4
Armor: Scale mail        |    22 |    22 |       |       |       ||    44
       Plate armour      |       |    65 |   185 |   204 |    73 ||   527
       Ring mail         |       |       |       |       |    23 ||    23
Dodge: Dodged            |    32 |    58 |    85 |   280 |   238 ||   693
